 Dungeon Crawl Stone Soup version 0.26.0-16-gc1dbca0489 (webtiles) character file.

Game seed: 4391101300934534741

6619 FreshCat the Destroyer (level 11, 0/61 HPs)
             Began as a Tengu Conjurer on Jan 16, 2021.
             Was a Priest of Vehumet.
             Shot with an arrow by a centaur warrior (11 damage)
             ... on level 10 of the Dungeon on Jan 18, 2021.
             The game lasted 01:33:42 (15213 turns).

FreshCat the Destroyer (Tengu Conjurer)            Turns: 15213, Time: 01:33:43

Health: 0/61       AC:  4    Str: 10    XL:     11   Next: 2%
Magic:  3/24       EV: 18    Int: 20    God:    Vehumet [***...]
Gold:   675        SH:  0    Dex: 12    Spells: 4/27 levels left

rFire    + . .     SeeInvis .   v - +3 quarterstaff (chaos)
rCold    x . .     Faith    .   (shield currently unavailable)
rNeg     . . .     Spirit   .   a - +0 robe
rPois    .         Reflect  .   (helmet restricted)
rElec    .         Harm     .   k - +0 cloak
rCorr    .         Rampage  .   s - +0 pair of gloves
Will     .....                  (boots unavailable)
Stlth    +++.......             (no amulet)
HPRegen  0.20/turn              t - ring of fire
MPRegen  0.19/turn              (no ring)

@: flying quickly and evasively, quick
A: beak, talons 3, able to fly
a: Stop Flying, Renounce Religion


You were on level 10 of the Dungeon.
You worshipped Vehumet.
Vehumet was most pleased with you.
You visited 2 branches of the dungeon, and saw 11 of its levels.
You also visited: Ossuary.

You collected 750 gold pieces.
You spent 75 gold pieces at shops.

Inventory:

Hand Weapons
 v - a +3 quarterstaff of chaos (weapon)
Missiles
 d - 353 stones
 e - 70 poisoned darts
 g - 5 curare-tipped darts
 j - 10 javelins
 J - 3 silver boomerangs
Armour
 a - a +0 robe (worn)
 k - a +0 cloak (worn)
 s - a +0 pair of gloves (worn)
 u - a +0 leather armour of cold resistance
Magical Staves
 G - an uncursed staff of fire
Jewellery
 t - a ring of fire (left hand)
Wands
 i - a wand of flame (22)
 l - a wand of iceblast (11)
 n - a wand of random effects (18)
 y - a wand of paralysis (4)
 z - a wand of digging (4)
Scrolls
 h - 16 scrolls of remove curse
 o - 3 scrolls of enchant weapon {unknown}
 p - a scroll of teleportation
 B - a scroll of fear
 D - a scroll of magic mapping {unknown}
 F - 2 scrolls of identify
 H - a scroll of torment {unknown}
Potions
 b - 3 potions of haste
 f - 2 potions of brilliance {unknown}
 m - 2 potions of invisibility {unknown}
 q - 3 potions of attraction
 r - 2 potions of magic
 w - 2 potions of berserk rage
 x - a potion of resistance {unknown}
 C - a potion of mutation {unknown}
 E - a potion of cancellation {unknown}
Miscellaneous
 I - a phantom mirror


   Skills:
 + Level 4.1 Fighting
 + Level 7.3 Staves
 + Level 5.9 Dodging
 + Level 5.4 Stealth
 + Level 8.8 Spellcasting
 + Level 11.9 Conjurations
 - Level 0.4 Translocations


You had 4 spell levels left.
You knew the following spells:

 Your Spells              Type           Power        Failure   Level
a - Magic Dart            Conj           100%         1%          1
b - Searing Ray           Conj           100%         1%          2
c - Iskenderun's Mystic   Conj/Tloc      33%          1%          4
d - Sticky Flame          Conj/Fire      48%          1%          4
e - Fulminant Prism       Conj/Hex       16%          1%          4
f - Fireball              Conj/Fire      24%          5%          5
g - Stone Arrow           Conj/Erth      64%          1%          3

Your spell library contained the following spells:

 Spells                   Type           Power        Failure   Level
 Foxfire                  Conj/Fire      100%         1%          1
 Conjure Flame            Conj/Fire      48%          1%          3
 Dazzling Flash           Conj/Hex       64%          1%          3
 Apportation              Tloc           20%          7%          1
 Inner Flame              Hex/Fire       13%          7%          3
 Animate Skeleton         Necr           16%          8%          1
 Corona                   Hex            8%           8%          1
 Summon Small Mammal      Summ           32%          8%          1
 Call Imp                 Summ           8%           12%         2
 Call Canine Familiar     Summ           8%           24%         3
 Summon Guardian Golem    Hex/Summ       8%           24%         3
 Summon Ice Beast         Ice/Summ       8%           61%         4
 Summon Lightning Spire   Summ/Air       8%           61%         4


Dungeon Overview and Level Annotations

Branches:
Dungeon (10/15)            Temple (1/1) D:6             Orc (0/2) D:10
Ossuary (visited)
   Lair: D:8-11

Altars:
Ashenzari
Makhleb
Nemelex Xobeh
Okawaru
Qazlal
Sif Muna
Vehumet
Wu Jian
Xom
Yredelemnul

Shops:
D:9 !

Annotations:
D:3 2 transporters, petercordia's ghost, amateur DDEE
D:6 Dowan; Duvessa
D:10 Gastronok; Joseph


Innate Abilities, Weirdness & Mutations

You have a beak for a mouth.
You have claws for feet.
You can fly continuously.


Message History

You feel much better.
Okay, then.
Casting: Fulminant Prism (dangerous; 1% risk of failure)
Confirm with . or Enter, or press ? or * to list all spells.
Okay, then.
Evoke which item? (* to show all) (? for menu, Esc to quit)
Aiming: Random Effects
Press: ? - help, Shift-Dir - straight line, f - centaur warrior
Aim: a centaur warrior, wielding a +0 shortbow and quivering 10 arrows (severely wounded)
The centaur warrior seems to speed up.
The centaur warrior shoots an arrow.
The arrow hits you!!
* * * LOW HITPOINT WARNING * * *
The centaur warrior shoots an arrow.
The arrow barely misses you.
You feel much better.
The centaur warrior shoots an arrow.
The arrow hits you!!
* * * LOW HITPOINT WARNING * * *
The centaur warrior shoots an arrow.
The arrow misses you.
You feel better.
The centaur warrior shoots an arrow.
The arrow hits you!
* * * LOW HITPOINT WARNING * * *
The centaur warrior shoots an arrow.
The arrow hits you!
You die...

# # ## ####### ... #...รท.)
.... #.....# ..... #.....#
......##### #.....#
........((####### #.....#
....((###..c(.@(#########..<...
....* #######.........'......
#### ###########...... ##'####
#....# ##### ####'# ......
#..... .....)############
+..... ......'.##.......#
#.....


You could see a centaur warrior (fast).

Vanquished Creatures
  A wolf spider zombie (D:8)
  Psyche (D:8)
  A yak (D:7)
  A wraith (D:8)
  Menkaure (D:7)
  A water moccasin (D:9)
  4 sky beasts
  An orc warrior (D:10)
  An ice beast (D:6)
  2 necrophages
  5 ogres
  3 centaurs
  3 big kobolds
  6 bullfrogs
  2 wyvern zombies
  A gnoll sergeant (D:8)
  A water moccasin zombie (D:9)
  A wyvern skeleton (D:8)
  A scorpion (D:5)
  5 killer bees (D:7)
  4 wights
  Crazy Yiuf (D:2)
  2 jellies
  3 hounds
  6 orc priests
  3 centaur skeletons
  An iguana (D:8)
  13 orc wizards
  7 worker ants
  Natasha (thrice) (D:2)
  A killer bee zombie (D:7)
  4 mummies (Ossuary)
  2 worker ant zombies (D:9)
  Robin (D:2)
  16 gnolls
  12 adders
  5 shadow imps
  An ufetubus (D:5)
  An adder zombie (D:8)
  An adder skeleton (D:10)
  4 worms
  3 dart slugs
  7 leopard geckos
  32 orcs
  9 giant cockroaches
  4 gnoll zombies (Ossuary)
  22 goblins
  9 hobgoblins
  7 quokkas
  2 ball pythons
  A ball python skeleton (D:5)
  5 bats
  5 frilled lizards
  5 gnoll skeletons (Ossuary)
  5 goblin skeletons (Ossuary)
  4 goblin zombies
  4 hobgoblin skeletons (Ossuary)
  5 hobgoblin zombies (Ossuary)
  A jackal zombie (D:5)
  25 kobolds
  3 kobold skeletons (Ossuary)
  4 kobold zombies (Ossuary)
  3 orc skeletons (Ossuary)
  2 orc zombies (Ossuary)
  A quokka zombie (D:8)
  15 rats
  5 rat skeletons (Ossuary)
  5 rat zombies (Ossuary)
  2 fulminant prisms (D:10)
328 creatures vanquished.

Vanquished Creatures (others)
  A goblin zombie (Ossuary)
  A rat zombie (Ossuary)
  8 fulminant prisms
  A plant (D:10)
  7 withered plants (D:8)
18 creatures vanquished.

Grand Total: 346 creatures vanquished

Notes
Turn   | Place    | Note
-------+----------+-------------------------------------------
     0 | D:1      | FreshCat the Tengu Conjurer began the quest for the Orb.
     0 | D:1      | Reached XP level 1. HP: 10/10 MP: 4/4
   179 | D:1      | Reached XP level 2. HP: 15/15 MP: 3/6
   367 | D:1      | Reached skill level 6 in Conjurations
   468 | D:2      | Noticed Natasha
   948 | D:3      | Reached XP level 3. HP: 19/19 MP: 5/7
   953 | D:2      | Learned a level 2 spell: Searing Ray
   966 | D:2      | Noticed Robin
  1047 | D:3      | Reached XP level 4. HP: 19/24 MP: 8/8
  1462 | D:2      | Killed Robin
  1507 | D:2      | Killed Natasha
  1508 | D:2      | Reached skill level 7 in Conjurations
  1666 | D:2      | Gained mutation: You can fly continuously. [Tengu growth]
  1666 | D:2      | Reached XP level 5. HP: 26/28 MP: 4/10
  1754 | D:2      | Learned a level 4 spell: Iskenderun's Mystic Blast
  1771 | D:2      | Found a faded altar of an unknown god.
  1851 | D:2      | Noticed Natasha
  1857 | D:2      | Killed Natasha
  2316 | D:2      | Noticed Natasha
  2320 | D:2      | Killed Natasha
  2321 | D:2      | Reached skill level 1 in Fighting
  2404 | D:2      | Found a runed translucent door.
  2405 | D:2      | Noticed Crazy Yiuf
  3097 | D:3      | Found a transporter.
  3105 | D:3      | Noticed petercordia's ghost (amateur DDEE)
  3110 | D:3      | Found a transporter.
  3147 | D:3      | Reached XP level 6. HP: 34/34 MP: 8/11
  3737 | D:3      | Reached skill level 8 in Conjurations
  4077 | D:3      | Reached XP level 7. HP: 38/38 MP: 9/13
  4425 | D:2      | Killed Crazy Yiuf
  4561 | D:5      | Entered Level 5 of the Dungeon
  5432 | D:5      | Reached skill level 1 in Staves
  5706 | D:5      | Reached skill level 9 in Conjurations
  5818 | D:5      | Reached XP level 8. HP: 39/44 MP: 13/16
  5961 | D:5      | Reached skill level 5 in Spellcasting
  6063 | D:6      | Found a staircase to the Ecumenical Temple.
  6519 | D:6      | Noticed Dowan
  7994 | D:6      | Noticed Duvessa
  8042 | Temple   | Entered the Ecumenical Temple
  8060 | Temple   | Became a worshipper of Vehumet
  8219 | D:6      | Noticed a yak
  8219 | D:6      | Noticed a yak
  8219 | D:6      | Noticed a yak
  8229 | D:7      | Killed a yak
  8230 | D:7      | Reached XP level 9. HP: 35/49 MP: 15/18
  8764 | D:7      | Noticed Menkaure
  9597 | D:7      | Killed Menkaure
  9701 | D:7      | Reached skill level 10 in Conjurations
  9756 | D:7      | Reached skill level 5 in Staves
 10023 | D:8      | Noticed a hellwing
 10194 | D:8      | Noticed a hellwing
 10268 | D:8      | Found a sand-covered staircase.
 10271 | D:8      | Noticed Psyche
 10278 | Ossuary  | Entered an ossuary
 10288 | Ossuary  | Learned a level 4 spell: Sticky Flame
 10293 | Ossuary  | Learned a level 4 spell: Fulminant Prism
 10332 | Ossuary  | Reached * piety under Vehumet
 10332 | Ossuary  | Offered knowledge of Freeze by Vehumet.
 10855 | Ossuary  | Offered knowledge of Sandblast by Vehumet.
 10975 | Ossuary  | Reached ** piety under Vehumet
 11002 | Ossuary  | Learned a level 5 spell: Fireball
 11293 | D:8      | Killed Psyche
 11812 | D:9      | Reached skill level 11 in Conjurations
 11812 | D:9      | Reached XP level 10. HP: 56/56 MP: 22/22
 11960 | D:8      | Found an iron altar of Okawaru.
 12297 | D:8      | Offered knowledge of Frozen Ramparts by Vehumet.
 12389 | D:8      | Reached skill level 5 in Dodging
 12679 | D:8      | Found an ornate altar of the Wu Jian Council.
 12737 | D:8      | Reached skill level 5 in Stealth
 13296 | D:8      | Upgraded the game from 0.26.0-15-gc6cd9f700b to
                  | 0.26.0-16-gc1dbca0489
 13615 | D:9      | Found Xeqa's Distillery.
 13626 | D:9      | Reached *** piety under Vehumet
 13649 | D:9      | Bought a potion of heal wounds for 75 gold pieces
 13999 | D:10     | Entered Level 10 of the Dungeon
 14223 | D:9      | Noticed a two-headed ogre
 14247 | D:9      | Offered knowledge of Stone Arrow by Vehumet.
 14256 | D:9      | Learned a level 3 spell: Stone Arrow
 14347 | D:10     | Noticed a two-headed ogre
 14676 | D:10     | Noticed Joseph
 14694 | D:10     | Noticed a two-headed ogre
 14840 | D:10     | Reached XP level 11. HP: 26/61 MP: 6/24
 15022 | D:10     | Found a staircase to the Orcish Mines.
 15151 | D:10     | Noticed Gastronok
 15151 | D:10     | Noticed a two-headed ogre
 15194 | D:10     | Noticed a centaur warrior
 15213 | D:10     | Shot with an arrow by a centaur warrior

Illustrated notes

Levels and vault maps discovered:
D:1:      sevenhm_arrival_forest_fort_small_3, layout_loops_ring,
          minmay_misc_feat_secret_circle, minmay_tiny_reverse_x
D:2:      layout_loops_ring, chequers_ecumenical_altar_grove,
          uniq_crazy_yiuf_cottage, uniq_natasha, uniq_robin
D:3:      layout_loops_ring, gammafunk_ghost_arena, minmay_goblin_outpost
D:4:      layout_basic
D:5:      layout_gridville
D:6:      layout_layer_cave, minmay_temple_entry_stoned_glass,
          portal_sewer_entry_f, uniq_duvessa
D:7:      layout_rooms, enter_bailey_5, uniq_menkaure
D:8:      cheibrodos_grave_circle, layout_loops_corners,
          okawaru_metal_pillars_1_2, basic_altar, enter_ossuary_4, kb_rosetta,
          uniq_psyche
D:9:      layout_grid_maze, serial_shops, nicolae_shop_stone
D:10:     layout_roguey, david_lair_generic, erik_orc_1, uniq_snorg,
          uniq_gastronok, uniq_joseph
Temple:   compressed_dpeg_circular_temple

Skill      XL: |  1  2  3  4  5  6  7  8  9 10 |
---------------+-------------------------------+-----
Conjurations   | 6 7 8 9 11 | 11.9
Spellcasting   | 3 4 5 7 8 |  8.8
Fighting       | 1 2 3 4 |  4.1
Dodging        | 3 4 5 |  5.9
Stealth        | 3 4 5 |  5.4
Staves         | 1 4 5 7 |  7.3
Translocations | |  0.4

Action                   |  1- 3 |  4- 6 |  7- 9 | 10-12 || total
-------------------------+-------+-------+-------+-------++-------
Melee: Unarmed           |     3 |       |       |       ||     3
       Kick              |     3 |     8 |    18 |    16 ||    45
       Short sword       |    14 |    56 |     1 |       ||    71
       Peck              |       |     5 |     8 |    14 ||    27
       Quarterstaff      |       |       |   110 |    79 ||   189
 Cast: Magic Dart        |    37 |   104 |   227 |   108 ||   476
       Searing Ray       |       |    10 |    34 |    13 ||    57
       Iskenderun's Myst |       |       |     6 |     2 ||     8
       Fireball          |       |       |     6 |    10 ||    16
       Stone Arrow       |       |       |       |    10 ||    10
       Fulminant Prism   |       |       |       |    10 ||    10
 Abil: Fly               |       |     1 |       |       ||     1
Evoke: Wand              |       |       |     1 |     1 ||     2
  Use: Scroll            |     1 |       |    13 |     5 ||    19
       Potion            |       |       |       |     5 ||     5
 Stab: Sleeping          |       |       |     6 |       ||     6
       Paralysed         |       |       |       |     2 ||     2
       Petrifying        |       |       |       |     1 ||     1
Armor: Robe              |     5 |    17 |    16 |    14 ||    52
Dodge: Dodged            |    11 |    59 |   130 |   101 ||   301
